 Dungeon Crawl Stone Soup version 0.25-a0-492-g44cc58d (webtiles) character file.

Game seed: 6509336694404974902, levelgen mode: deterministic

12640 15 the Grappler (level 11, -4/82 HPs)
             Began as a Purple Draconian Transmuter on Feb 10, 2020.
             Was a Priest of Wu Jian.
             Slain by an unseen horror (8 damage)
             ... on level 11 of the Dungeon on Feb 12, 2020.
             The game lasted 01:04:46 (15011 turns).

15 the Grappler (Purple Draconian Transmuter)      Turns: 15011, Time: 01:04:46

Health: -4/82      AC:  9    Str: 14    XL:     11   Next: 65%
Magic:  22/22      EV: 16    Int: 15    God:    Wu Jian [***...]
Gold:   443        SH:  5    Dex: 12    Spells: 6/25 levels left

rFire    . . .     SeeInvis .     - Unarmed
rCold    + . .     Gourm    .   (no shield)
rNeg     . . .     Faith    .   (armour unavailable)
rPois    +         Spirit   .   (helmet restricted)
rElec    .         Reflect  +   u - +1 cloak
rCorr    .         Harm     .   (no gloves)
MR       +....                  (no boots)
Stlth    ++........             D - +5 amulet of reflection
HPRegen  0.23/turn              t - ring of poison resistance
MPRegen  0.18/turn              o - ring of protection from cold

@: very slightly contaminated, lightly drained
A: breathe power, unfitting armour, frail 1, cold-blooded, AC +7
a: Breathe Dispelling Energy, Wall Jump, Serpent's Lash, Renounce Religion


You were on level 11 of the Dungeon.
You worshipped Wu Jian.
Wu Jian was most pleased with you.
You were not hungry.

You visited 2 branches of the dungeon, and saw 13 of its levels.
You also visited: Ossuary.

You collected 759 gold pieces.
You spent 316 gold pieces at shops.

Inventory:

Missiles
 a - 168 arrows
Armour
 h - a scarf of spirit shield
 u - a +1 cloak (worn)
Jewellery
 j - an uncursed amulet of magic regeneration
 l - an uncursed ring of ice
 o - a ring of protection from cold (right hand)
 t - a ring of poison resistance (left hand)
 x - an uncursed ring of positive energy
 D - a +5 amulet of reflection (around neck)
Wands
 g - a wand of flame (2)
 m - a wand of random effects (31)
 z - a wand of polymorph (6)
Scrolls
 d - a scroll of enchant armour
 e - 4 scrolls of enchant weapon
 f - 6 scrolls of amnesia
 k - 3 scrolls of fear
 n - 5 scrolls of identify
 r - a scroll of vulnerability
 w - 6 scrolls of magic mapping
 y - 2 scrolls of remove curse
 B - 3 scrolls of teleportation
Potions
 b - a potion of magic
 p - a potion of might
 q - 5 potions of agility
 s - a potion of lignification
Comestibles
 c - 19 rations


   Skills:
 * Level 7.4(7.1) Fighting
 * Level 7.9(7.5) Dodging
 + Level 3.6(3.3) Stealth
 + Level 10.0(9.7) Unarmed Combat
 * Level 7.9(7.6) Spellcasting
 * Level 1.7(1.4) Hexes
 * Level 6.9(6.6) Transmutations
 * Level 4.6(4.3) Ice Magic
 + Level 1.0(0.7) Poison Magic
 * Level 3.9(3.6) Evocations


You had 6 spell levels left.
You knew the following spells:

 Your Spells              Type           Power        Failure   Level  Hunger
a - Beastly Appendage     Tmut           ####..       1%          1    None
b - Sticks to Snakes      Tmut           ####....     1%          2    None
c - Spider Form           Tmut/Pois      ###.......   9%          3    ##.....
d - Ice Form              Ice/Tmut       ###.....     13%         4    ####...
e - Blade Hands           Tmut           ####......   22%         5    #####..
f - Leda's Liquefaction   Hex/Erth       #.........   67%         4    ####...

Your spell library contained the following spells:

 Spells                   Type           Power        Failure   Level  Hunger
 Corona                   Hex            ##.....      7%          1    None
 Slow                     Hex            ##......     11%         2    None
 Inner Flame              Hex/Fire       #.......     28%         3    ##.....
 Portal Projectile        Hex/Tloc       #.....       28%         3    ##.....
 Cause Fear               Hex            ##........   56%         4    ####...


Dungeon Overview and Level Annotations

Branches:
Dungeon (12/15)            Temple (1/1) D:5            Lair (0/6) D:10
    Orc (0/2) D:9         Ossuary (visited)

Altars:
Ashenzari
Cheibriados
Dithmenos
Elyvilon
Fedhas
Gozag
Hepliaklqana
Kikubaaqudgha
Makhleb
Nemelex Xobeh
Okawaru
Qazlal
Ru
Sif Muna
Trog
Uskayaw
Vehumet
Wu Jian
Xom
Yredelemnul
Zin
The Shining One

Shops:
D:4 }   D:6 %   D:7 *


Innate Abilities, Weirdness & Mutations

You can breathe bolts of dispelling energy.
Your rich purple scales are hard. (AC +7)
You cannot fit into any form of body armour.
You are cold-blooded and may be slowed by cold attacks.
You are frail. (-10% HP)


Message History

The hungry ghost hits you.
* * * LOW HITPOINT WARNING * * *
You feel a lot more hungry.
You hit the hungry ghost.
Your tail-slap misses the hungry ghost.
The hungry ghost is moderately damaged.
The hungry ghost misses you. Something hits you!
* * * LOW HITPOINT WARNING * * *
You hit the hungry ghost.
Your tail-slap misses the hungry ghost.
The hungry ghost is heavily damaged.
Something hits you!
* * * LOW HITPOINT WARNING * * *
The hungry ghost misses you.
Unknown command.
Blink to where?
Press: ? - help, Dir - move target cursor You are very lightly contaminated with residual magic.
As you read the scroll of blinking, it crumbles to dust.
There is a stone staircase leading up here.
Something hits you!
You die...

...........# #.#
...........## ##.####
............### #.....#
...#...#<##...# #.###.#
.....#.#.####.# #.# #<#
#.#..#...####.###.# #.##
#...........#.....###..####
........##.........##.....#
##...........>..@.......###
........##.........).##.#
.........#..)....)[..##.##
..................[...#..##
..........................#
.[..............)..######.###
.........###................#
................#W........###
........###.#.....>######.##


You could see a hungry ghost.

Vanquished Creatures
  Harold (D:8)
  A two-headed ogre (D:11)
  2 unseen horrors
  A gargoyle (D:10)
  2 trolls
  Prince Ribbit (D:5)
  3 hippogriffs
  A wyvern (D:8)
  14 yaks (D:10)
  2 hungry ghosts
  3 wargs (D:10)
  Menkaure (D:7)
  A human (D:9)
  An acid dragon (D:11)
  8 orc warriors
  2 ice beasts
  3 sky beasts
  4 ogres
  A phantom (D:7)
  4 centaurs
  A crocodile (D:7)
  5 elf zombies (Ossuary)
  A wyvern zombie (D:10)
  8 bullfrogs
  5 scorpions
  A water moccasin skeleton (D:9)
  2 killer bees (D:11)
  A bullfrog zombie (D:7)
  6 howler monkeys
  5 centaur zombies
  4 crimson imps
  3 human zombies (Ossuary)
  3 bullfrog skeletons
  11 orc priests
  7 hounds
  3 jellies
  7 orc wizards
  4 iguanas
  10 worker ants
  2 big kobold zombies (Ossuary)
  2 hound zombies (Ossuary)
  A hound skeleton (D:4)
  3 mummies (Ossuary)
  A worker ant zombie (D:6)
  14 adders
  3 gnolls (D:7)
  3 howler monkey skeletons
  A shadow imp (D:9)
  5 adder zombies
  4 worms
  A dart slug (D:3)
  6 leopard geckos
  53 orcs
  4 giant cockroaches
  A gnoll zombie (Ossuary)
  9 goblins
  11 hobgoblins
  16 jackals
  6 kobolds
  5 quokkas
  2 ball pythons
  14 bats
  3 frilled lizards
  2 hobgoblin zombies (Ossuary)
  A jackal zombie (Ossuary)
  A kobold zombie (Ossuary)
  2 orc zombies (Ossuary)
  3 quokka zombies
  11 rats
  7 rat zombies (Ossuary)
  A bush (D:6)
341 creatures vanquished.

Vanquished Creatures (collateral kills)
  A scorpion (D:4)
  An orc wizard (D:5)
  A hound zombie (D:5)
  A worm (D:2)
  A giant cockroach (D:5)
5 creatures vanquished.

Grand Total: 346 creatures vanquished

Notes
Turn   | Place    | Note
-------+----------+-------------------------------------------
     0 | D:1      | 15 the Draconian Transmuter began the quest for the Orb.
     0 | D:1      | Reached XP level 1. HP: 16/16 MP: 3/3
    71 | D:1      | Upgraded the game from 0.25-a0-488-g03579ab to
                  | 0.25-a0-492-g44cc58d
   140 | D:1      | Reached XP level 2. HP: 4/23 MP: 5/5
   637 | D:1      | Reached XP level 3. HP: 26/28 MP: 4/6
   647 | D:1      | Learned a level 2 spell: Sticks to Snakes
   651 | D:1      | Learned a level 3 spell: Spider Form
  1181 | D:2      | Reached XP level 4. HP: 36/36 MP: 7/7
  1344 | D:3      | Reached skill level 4 in Unarmed Combat
  2013 | D:2      | Reached XP level 5. HP: 5/41 MP: 5/8
  3323 | D:4      | Reached XP level 6. HP: 27/50 MP: 7/10
  3339 | D:4      | Reached skill level 1 in Stealth
  3883 | D:4      | Found a shattered altar of Ashenzari.
  4046 | D:4      | Found Ubam's Gadget Shop.
  4480 | D:4      | Learned a level 4 spell: Ice Form
  4534 | D:5      | Entered Level 5 of the Dungeon
  4626 | D:4      | Reached skill level 5 in Unarmed Combat
  5150 | D:5      | Your scales start taking on a rich purple colour.
  5150 | D:5      | Reached XP level 7. HP: 6/57 MP: 4/12
  5522 | D:5      | Found a sacrificial altar of Ru.
  5524 | D:5      | Found a glowing silver altar of Zin.
  5531 | D:5      | Found an ancient bone altar of Kikubaaqudgha.
  5677 | D:5      | Found a staircase to the Ecumenical Temple.
  5687 | Temple   | Entered the Ecumenical Temple
  5884 | Temple   | Became a worshipper of the Wu Jian Council
  6163 | D:5      | Got a crystal hunting sling
  6164 | D:5      | Identified the +9 hunting sling "Nalohez" {speed, *Contam
                  | rF+ Int+3 SInv} (You found it on level 5 of the Dungeon)
  6197 | D:5      | Gained mutation: You are frail. (-10% HP) [mutagenic glow]
  6304 | D:6      | Found Inewoun's Food Boutique.
  6304 | D:6      | Noticed Prince Ribbit
  6333 | D:5      | Killed Prince Ribbit
  6534 | D:6      | Bought a ration for 60 gold pieces
  6534 | D:6      | Bought a ration for 60 gold pieces
  6563 | D:6      | Reached skill level 5 in Spellcasting
  6563 | D:6      | Reached XP level 8. HP: 56/59 MP: 15/15
  6629 | D:6      | Found a blossoming altar of Fedhas.
  7263 | D:6      | Reached * piety under Wu Jian
  7351 | D:6      | Reached skill level 5 in Dodging
  7478 | D:7      | Reached skill level 6 in Unarmed Combat
  8093 | D:7      | Noticed Menkaure
  8105 | D:7      | Killed Menkaure
  8153 | D:7      | Reached XP level 9. HP: 46/65 MP: 17/17
  8214 | D:7      | Reached skill level 7 in Unarmed Combat
  8250 | D:7      | Reached ** piety under Wu Jian
  8397 | D:7      | Found Ucudacal's Assorted Antiques.
  8399 | D:7      | Reached skill level 5 in Transmutations
  8405 | D:7      | Bought a tourmaline ring for 140 gold pieces
  8405 | D:7      | Bought a scroll of identify for 56 gold pieces
  8452 | D:7      | Reached skill level 5 in Fighting
  8924 | D:8      | Noticed Harold
  8944 | D:8      | Killed Harold
  8944 | D:8      | Reached skill level 8 in Unarmed Combat
  9226 | D:8      | Found a sand-covered staircase.
  9233 | Ossuary  | Entered an ossuary
  9666 | Ossuary  | Reached *** piety under Wu Jian
  9816 | D:8      | Reached XP level 10. HP: 68/74 MP: 16/19
  9925 | D:8      | Learned a level 5 spell: Blade Hands
 10137 | D:8      | Found a hazy altar of Hepliaklqana.
 10554 | D:9      | Reached skill level 1 in Ice Magic
 10791 | D:9      | Reached **** piety under Wu Jian
 10810 | D:9      | Reached skill level 9 in Unarmed Combat
 10810 | D:9      | Reached skill level 1 in Evocations
 11146 | D:9      | Found a staircase to the Orcish Mines.
 12153 | D:10     | Entered Level 10 of the Dungeon
 12617 | D:10     | Reached XP level 11. HP: 41/81 MP: 22/22
 12951 | D:10     | Found a staircase to the Lair.
 13527 | D:10     | Killed an unseen horror
 13715 | D:10     | Learned a level 4 spell: Leda's Liquefaction
 14061 | D:11     | Reached ***** piety under Wu Jian
 14157 | D:11     | Noticed a two-headed ogre
 14487 | D:11     | Killed a two-headed ogre
 14487 | D:11     | Reached skill level 10 in Unarmed Combat
 14529 | D:11     | Killed an unseen horror
 14529 | D:11     | Reached skill level 1 in Hexes
 14529 | D:11     | Reached skill level 1 in Poison Magic
 15008 | D:11     | HP: 3/82 [something (8)]
 15011 | D:11     | Slain by an unseen horror

Levels and vault maps discovered:
D:1:      sevenhm_arrival_forest_fort_large_4, layout_rooms
D:2:      layout_basic, first_ration
D:3:      layout_basic, minmay_liquid_box
D:4:      layout_basic, ashenzari_conservatory_becter, serial_shops, shop,
          roderic_lattice_a
D:5:      layout_rooms, gammafunk_temple_overflow_forgotten,
          lemuel_temple_firewalk_b, ldierk_geyser
D:6:      layout_basic, serial_shops, shop, minmay_misc_feat_cross,
          fedhas_ov_isle_minmay, uniq_prince_ribbit1
D:7:      layout_layer_cave, serial_shops, shop, uniq_menkaure
D:8:      layout_loops_corners, enter_ossuary_5, basic_altar, uniq_harold
D:9:      layout_basic, erik_orc_4, special_room [special_room_orc]
D:10:     minmay_bloctagon, layout_basic, erik_lair_orcish_takeover
D:11:     minmay_distorted_concentric_squares, layout_rooms
D:12:     layout_cave_pools
Temple:   eino_narrow_crystal_temple

Skill      XL: |  1  2  3  4  5  6  7  8  9 10 11 |
---------------+----------------------------------+-----
Dodging        | 2 3 4 5 6 7 |  7.9
Unarmed Combat | 4 5 6 8 9 10 | 10.0
Fighting       | 2 3 4 6 7 |  7.4
Stealth        | 1 2 3 |  3.6
Spellcasting   | 3 5 6 7 |  7.9
Transmutations | 3 4 5 6 |  6.9
Ice Magic      | 3 4 |  4.6
Evocations     | 2 3 |  3.9
Hexes          | 1 |  1.7
Poison Magic   | 1 |  1.0

Action                   |  1- 3 |  4- 6 |  7- 9 | 10-12 || total
-------------------------+-------+-------+-------+-------++-------
Melee: Unarmed           |   149 |   286 |   685 |   473 ||  1593
       Tailslap          |     9 |    29 |    89 |    23 ||   150
       Kick              |     2 |    15 |    26 |    14 ||    57
       Headbutt          |     2 |     4 |     8 |     5 ||    19
       Punch             |     1 |     6 |    27 |    11 ||    45
 Cast: Beastly Appendage |     7 |    18 |    20 |    13 ||    58
       Sticks to Snakes  |       |     9 |    10 |       ||    19
       Spider Form       |       |       |     6 |    12 ||    18
       Ice Form          |       |       |     1 |    14 ||    15
Invok: Whirlwind         |       |       |   106 |    44 ||   150
       Lunge             |       |       |    63 |    64 ||   127
       Serpent's Lash    |       |       |       |     2 ||     2
       Heavenly Storm    |       |       |       |     1 ||     1
 Abil: Breathe Dispellin |       |       |       |     1 ||     1
Evoke: Wand              |       |       |    11 |    11 ||    22
  Use: Potion            |     1 |     3 |     8 |     4 ||    16
       Scroll            |     1 |     4 |     6 |     8 ||    19
 Stab: Sleeping          |     2 |     2 |     8 |     5 ||    17
       Distracted        |       |       |     1 |       ||     1
       Paralysed         |       |       |       |     2 ||     2
  Eat: Chunk             |     1 |    10 |    15 |    15 ||    41
       Ration            |       |     1 |     1 |     4 ||     6
Armor: Skin              |    60 |    84 |   120 |    69 ||   333
Dodge: Dodged            |   138 |   182 |   303 |   231 ||   854
Block: Other             |       |     2 |       |    21 ||    23
       Reflection        |       |       |       |     3 ||     3

Table legend:
 A = Non-vault XP
 B = Vault XP
 C = Vault XP percentage of total XP
 D = Non-vault monster count
 E = Vault monster count
 F = Vault count percentage of total count
                 A         B        C        D         E       F
            +---------+---------+-------+---------+---------+-------
      Total |   10966 |    7092 |  39.3 |     252 |      93 |  27.0
            +---------+---------+-------+---------+---------+-------
        D:1 |      50 |       0 |   0.0 |      31 |       0 |   0.0
        D:2 |     137 |       0 |   0.0 |      27 |       0 |   0.0
        D:3 |      86 |       0 |   0.0 |      22 |       0 |   0.0
        D:4 |     377 |       0 |   0.0 |      16 |       0 |   0.0
        D:5 |     460 |     255 |  35.7 |      17 |       1 |   5.6
        D:6 |     574 |       0 |   0.0 |      23 |       0 |   0.0
        D:7 |    1513 |     169 |  10.0 |      41 |       1 |   2.4
        D:8 |    1292 |     981 |  43.2 |      20 |       1 |   4.8
        D:9 |    1368 |    1007 |  42.4 |      15 |      31 |  67.4
       D:10 |    3504 |    2304 |  39.7 |      23 |      20 |  46.5
       D:11 |    1566 |    1552 |  49.8 |      16 |       5 |  23.8
       D:12 |      39 |       0 |   0.0 |       1 |       0 |   0.0
    Ossuary |       0 |     824 | 100.0 |       0 |      34 | 100.0
            +---------+---------+-------+---------+---------+-------
